 Dungeon Crawl Stone Soup version 0.28-a0-1206-g193881aaa2 (webtiles) character file.

Game seed: 14354185904450705866

232473 SnakkuSnakku7 the Black Belt (level 20, -5/162 HPs)
             Began as a Human Transmuter on Dec 20, 2021.
             Was the Champion of Lugonu.
             Slain by a dire elephant (15 damage)
             ... on level 2 of the Vaults on Dec 21, 2021.
             The game lasted 01:41:40 (62827 turns).

SnakkuSnakku7 the Black Belt (Human Transmuter)    Turns: 62827, Time: 01:41:41

Health: -5/162     AC: 23    Str:  9    XL:     20   Next: 32%
Magic:  0/32       EV: 15    Int: 24    God:    Lugonu [******]
Gold:   1576       SH:  0    Dex: 17    Spells: 4/35 levels left

rFire   + . .      SeeInvis .     - Unarmed
rCold   . . .      Faith    .   (shield currently unavailable)
rNeg    . . .      Spirit   +   O - +2 ring mail {rF+}
rPois   .          Reflect  .   A - +2 helmet
rElec   +          Harm     .   p - +2 cloak "Oczag" {Rampage Will+ Str-3}
rCorr   .          Rampage  +   (gloves currently unavailable)
Will    ++...                   T - +2 pair of boots
Stlth   +.........              U - amulet of guardian spirit
HPRegen 0.37/turn               q - ring of Utowair {rElec AC+4}
MPRegen 0.23/turn               I - +6 ring of intelligence

@: blade hands, studying Throwing
A: no striking features
}: 1/15 runes: decaying
a: End Transformation, Renounce Religion, Depart the Abyss, Bend Space, Banish,
Corrupt, Enter the Abyss, Brand Weapon With Distortion


You were on level 2 of the Vaults.
You worshipped Lugonu.
Lugonu was exalted by your worship.
You had blades for hands.
You visited 5 branches of the dungeon, and saw 30 of its levels.
You visited the Abyss 1 time.
You visited 1 bazaar.
You also visited: Bailey, Ice Cave and Volcano.

You collected 4247 gold pieces.
You spent 2671 gold pieces at shops.

Inventory:

Missiles
 K - 2 throwing nets (quivered)
Armour
 e - the +0 pair of gloves of Supple Strength (melded) {rF++ Int+3 SInv}
   (You found it in a volcano)

   Int:       It affects your intelligence (+3).
   rF:        It greatly protects you from fire.
   SInv:      It lets you see invisible.
 p - the +2 cloak "Oczag" (worn) {Rampage Will+ Str-3}
   (You found it in a bailey)

   Str:       It affects your strength (-3).
   Rampage:   It bestows one free step when moving towards enemies.
   Will:      It increases your willpower.
 u - a +0 buckler of protection (melded)
 A - a +2 helmet (worn)
 O - a +2 ring mail of fire resistance (worn)
 T - a +2 pair of boots (worn)
Magical Staves
 v - a staff of air
 L - a staff of death
Jewellery
 f - a ring of see invisible
 l - a +4 ring of evasion
 q - the ring of Utowair (left blade hand) {rElec AC+4}
   (You acquired it on level 2 of the Lair of Beasts)

   [ring of protection]

   AC:        It affects your AC (+4).
   rElec:     It insulates you from electricity.
 B - a +6 ring of strength
 E - a ring of wizardry
 H - a ring of protection from fire
 I - a +6 ring of intelligence (right blade hand)
 J - a ring of wizardry
 N - a +6 ring of dexterity
 U - an amulet of guardian spirit (around neck)
Wands
 d - a wand of acid (11)
 s - a wand of digging (1)
 x - a wand of mindburst (10)
 C - a wand of paralysis (7)
 D - a wand of iceblast (32)
 F - a wand of flame (103)
 R - a wand of polymorph (6)
Scrolls
 a - 5 scrolls of silence
 b - 2 scrolls of fog
 g - 6 scrolls of teleportation
 h - a scroll of holy word
 i - a scroll of magic mapping
 j - a scroll of enchant armour
 t - 2 scrolls of fear
 y - 3 scrolls of amnesia
 z - 2 scrolls of immolation
 V - 2 scrolls of summoning
 X - a scroll of blinking
Potions
 c - 5 potions of attraction
 k - 11 potions of curing
 m - 7 potions of resistance
 n - a potion of heal wounds
 o - a potion of invisibility
 r - 7 potions of brilliance
 w - a potion of cancellation
 G - 3 potions of haste
 M - 7 potions of mutation
 S - 2 potions of magic
 W - 2 potions of might
 Y - a potion of berserk rage
Miscellaneous
 P - a condenser vane (inert)
 Q - a phial of floods


   Skills:
 - Level 15.0 Fighting
 - Level 10.0 Armour
 - Level 10.0 Dodging
 - Level 4.0 Shields
 - Level 15.0 Unarmed Combat
 - Level 8.0 Spellcasting
 - Level 12.0 Necromancy
 - Level 15.0 Transmutations
 - Level 3.0 Ice Magic
 + Level 11.2 Air Magic
 - Level 2.0 Poison Magic
 - Level 8.0 Invocations


You had 4 spell levels left.
You knew the following spells:

 Your Spells              Type           Power      Damage    Failure   Level
a - Death Channel         Necr           30%        N/A       56%         6
b - Ice Form              Ice/Tmut       51%        N/A       28%         4
c - Spider Form           Tmut/Pois      50%        N/A       17%         3
d - Storm Form            Tmut/Air       32%        N/A       87%         7
e - Beastly Appendage     Tmut           100%       N/A       4%          1
f - Borgnjor's Vile Clut  Necr/Erth      19%        N/A       77%         5
z - Blade Hands           Tmut           34%        N/A       14%         5

Your spell library contained the following spells:

 Spells                   Type           Power      Damage    Failure   Level
 Wereblood                Tmut           69%        N/A       5%          2
 Sublimation of Blood     Necr           61%        N/A       8%          2
 Corpse Rot               Necr/Air       100%       N/A       9%          2
 Swiftness                Air            59%        N/A       11%         3
 Animate Dead             Necr           30%        N/A       16%         4
 Dispel Undead            Necr           61%        3d21      16%         4
 Airstrike                Air            29%        N/A       17%         4
 Shock                    Conj/Air       100%       1d9       19%         1
 Static Discharge         Conj/Air       36%        N/A       22%         2
 Ensorcelled Hibernation  Hex/Ice        32%        N/A       50%         2
 Ozocubu's Armour         Ice            24%        N/A       52%         3
 Slow                     Hex            36%        N/A       54%         1
 Summon Small Mammal      Summ           36%        N/A       54%         1
 Summon Lightning Spire   Summ/Air       36%        N/A       54%         4
 Call Canine Familiar     Summ           9%         N/A       82%         3
 Confusing Touch          Hex            9%         N/A       82%         3
 Dazzling Flash           Conj/Hex       18%        N/A       82%         3
 Portal Projectile        Hex/Tloc       18%        N/A       82%         3
 Summon Guardian Golem    Hex/Summ       9%         N/A       82%         3
 Olgreb's Toxic Radiance  Pois           19%        N/A       89%         4
 Animate Armour           Summ/Erth      18%        N/A       98%         4
 Fulminant Prism          Conj/Hex       4%         3d6       98%         4
 Iskenderun's Mystic Bla  Conj/Tloc      9%         2d4       98%         4
 Leda's Liquefaction      Hex/Erth       4%         N/A       98%         4
 Passage of Golubria      Tloc           9%         N/A       98%         4
 Sticky Flame             Conj/Fire      9%         2d3       98%         4
 Yara's Violent Unravell  Hex/Tmut       22%        3d10      61%         5
 Silence                  Hex/Air        18%        N/A       80%         5
 Lee's Rapid Deconstruct  Erth           4%         3d6*      100%        5
 Iron Shot                Conj/Erth      4%         9d2       100%        6
 Starburst                Conj/Fire      4%         6d4       100%        6
 Ozocubu's Refrigeration  Ice            12%        4d7       100%        7
 Summon Hydra             Summ           4%         N/A       100%        7
 Ignition                 Fire           4%         3d4       100%        8
 Lehudib's Crystal Spear  Conj/Erth      4%         10d3      100%        8
 Maxwell's Capacitive Co  Air            29%        ∞         100%        8


Dungeon Overview and Level Annotations

Branches:
Dungeon (15/15)            Temple (0/1) D:4            Lair (6/6) D:9
  Swamp (4/4) Lair:4        Snake (0/4) Lair:4        Slime (0/5) Lair:5
    Orc (2/2) D:11            Elf (0/3) Orc:2        Vaults (3/5) D:14
  Crypt (0/3) Vaults:2     Depths (0/4) D:15         Bailey (visited)
  IceCv (visited)         Volcano (visited)

Altars:
Cheibriados
Dithmenos
Elyvilon
Gozag
Kikubaaqudgha
Makhleb
Nemelex Xobeh
Okawaru
Qazlal
Xom
The Shining One
Lugonu

Shops:
D:10 (   Orc:1 !   Orc:2 :([(

Portals:
Trove: Vaults:1 (show slimy rune of Zot)

Annotations:
D:4 Ijyb
D:5 exclusion: hornet


Message History

You slash the dire elephant, but do no damage.
The dire elephant is moderately wounded.
The dire elephant tramples you!!
You hold your ground!
The dire elephant trunk-slaps you but does no damage.
You slice the dire elephant!!
The dire elephant is severely wounded.
The dire elephant tramples you!!
You hold your ground!
The dire elephant misses you.
You are too injured to fight recklessly!
You are too injured to fight recklessly!
You are too injured to fight recklessly!
You are too injured to fight recklessly!
You slash the dire elephant!
The dire elephant is severely wounded.
You hit the dire elephant but do no damage.
The dire elephant is severely wounded.
The dire elephant tramples you.
You hold your ground!
The dire elephant barely misses you.
You slash the dire elephant!
The dire elephant is almost dead.
The dire elephant tramples you!
You hold your ground!
The dire elephant closely misses you.
You hit the dire elephant but do no damage.
The dire elephant is severely wounded.
The dire elephant tramples you!!
* * * LOW HITPOINT WARNING * * *
You hold your ground!
The dire elephant closely misses you.
You shred the dire elephant!!!
You kill the dire elephant!
Lugonu accepts your kill.
You slash the dire elephant!
The dire elephant is moderately wounded.
The dire elephant tramples you!!
* * * LOW HITPOINT WARNING * * *
You hold your ground!
The dire elephant trunk-slaps you!
* * * LOW HITPOINT WARNING * * *
You slash the dire elephant!
The dire elephant is heavily wounded.
The dire elephant tramples you!
You die...

,,.....,,,,,,,,,,,,,,,,,,,,*
,,,...#******************+**
***#..# *,,,,,,* ...#..#
*,,,,,,*
...#..#############*,,,,,,*
...#..'.#.#...#.#.#*,,,,,,*
...#..##.#.#.#.#.##*,,,,,,*
...#..#.#########.#*,,,,,,*
...#..##,*,*,*,#@##*,,,,,,*
...#..#,***,,,*##Y#*,,,,,,*
####..#,,*,,,,,*,.#********
......#,*,*,,,***.#
......#*,*,*,*,*,##
......#,*********,*
......#*,*,*,*,*,**
......#,*,*,,,*,*,*
......#************


You could see a dire elephant.

Vanquished Creatures
  Nikola (Swamp:1)
  Rupert (D:14)
  Gastronok (Lair:1)
  Agnes (D:15)
  A tengu reaver (Vaults:1)
  2 thorn hunters
  Donald (Swamp:3)
  2 fire giants (Vaults:1)
  A frost giant (Vaults:3)
  A fenstrider witch (Swamp:3)
  An orc warlord (Vaults:2)
  3 vault wardens (Vaults:1)
  A reaper (IceCv)
  2 stone giants
  10 ironbound preservers
  6 ironbound thunderhulks
  8 very ugly things
  Nessos (D:14)
  2 dire elephants (Vaults:2)
  7 eleionomae
  3 entropy weavers
  7 bunyips
  A bunyip (shapeshifter) (Vaults:1)
  An ettin (Vaults:2)
  A fire dragon (shapeshifter) (Vaults:2)
  3 shambling mangroves
  4 yaktaur captains
  Josephine (D:15)
  A great orb of eyes (Vaults:1)
  Fannar (D:11)
  6 boulder beetles
  24 hydras
  2 ice dragons (D:15)
  2 vault guards (Vaults:1)
  Erolcha (D:13)
  2 ghost crabs (Swamp:1)
  5 ironbound frosthearts
  Erica (Lair:1)
  2 merfolk avatars (Swamp:3)
  12 centaur warriors
  2 death knights (Vaults:2)
  A two-headed ogre (D:11)
  3 alligators
  A deep troll earth mage (Vaults:1)
  2 tengu warriors (D:13)
  18 spriggans
  Nergalle (Lair:1)
  A goliath frog (Swamp:1)
  10 swamp dragons
  2 spriggan druids
  30 deep trolls
  6 wizards
  3 bog bodies
  A necromancer (Vaults:3)
  5 orc knights
  2 phantasmal warriors
  13 ironbound convokers
  7 lindwurms (Vaults:2)
  5 harpies
  An oklob plant (Orc:2)
  2 deep elf pyromancers
  An orc sorcerer (Orc:2)
  A manticore (D:14)
  25 ugly things
  4 cyclopes
  5 will-o-the-wisps
  Joseph (Lair:1)
  A guardian serpent (shapeshifter) (D:14)
  7 black mambas
  An ice statue (IceCv)
  2 water nymphs (Swamp:2)
  13 vault sentinels
  9 elephants
  Maurice (D:10)
  17 cane toads
  14 yaktaurs
  A gargoyle (D:11)
  A torpor snail (Lair:5)
  3 freezing wraiths
  2 anaconda simulacra (IceCv)
  11 komodo dragons
  3 rime drakes
  3 ice devils
  An efreet (D:15)
  A tengu conjurer (D:15)
  3 trolls
  10 polar bears
  10 tyrant leeches
  15 hornets
  16 slime creatures
  A meliai (shapeshifter) (Vaults:1)
  4 dream sheep
  6 blink frogs (Lair:6)
  A slime creature (shapeshifter) (Vaults:1)
  A centaur simulacrum (D:15)
  Sigmund (D:2)
  9 wraiths
  2 redbacks (Vaults:2)
  A yak (shapeshifter) (D:14)
  54 yaks
  2 vampires
  8 wyverns
  Eustachio (D:4)
  5 fire bats (Volcano)
  A death yak simulacrum (IceCv)
  16 humans (D:14)
  5 basilisks
  3 steam dragons (D:8)
  Grum (Lair:1)
  Menkaure (D:4)
  A yaktaur simulacrum (Vaults:2)
  11 vampire mosquitoes
  12 swamp worms
  2 wargs
  3 harpy simulacra (IceCv)
  An acid dragon (D:13)
  23 water moccasins
  A hell hound (Volcano)
  35 orc warriors
  4 swamp drakes
  A sky beast (D:5)
  3 black bears
  7 ogres
  An ice beast (D:5)
  3 necrophages
  8 boggarts
  15 centaurs
  42 wolves
  2 phantoms
  A kobold brigand (D:8)
  13 bullfrogs
  7 two-headed ogre simulacra (IceCv)
  A wyvern zombie (D:8)
  A cane toad simulacrum (IceCv)
  2 gnoll sergeants
  2 scorpions
  2 water moccasin skeletons
  5 elephant simulacra (IceCv)
  4 wights
  3 howler monkeys
  3 electric eels (Lair:1)
  A bullfrog zombie (D:6)
  5 lava snakes (Volcano)
  5 centaur zombies
  3 jellies
  Crazy Yiuf (D:2)
  5 orc priests
  2 hounds
  An iron imp (D:3)
  Jessica (D:2)
  2 iguanas
  Natasha (D:4)
  12 orc wizards
  5 troll simulacra (IceCv)
  5 polar bear simulacra (IceCv)
  A killer bee zombie (D:7)
  7 spriggan simulacra (IceCv)
  3 wolf simulacra (IceCv)
  2 hound skeletons (D:5)
  A mummy (D:4)
  11 gnolls
  A howler monkey skeleton (D:4)
  7 river rats (D:5)
  14 adders
  2 naga simulacra (IceCv)
  9 white imps
  5 ufetubi (IceCv)
  2 adder skeletons (D:4)
  2 dart slugs (D:3)
  61 orcs
  14 endoplasms
  5 giant cockroaches
  4 goblins
  7 hobgoblins
  4 jackals
  12 quokkas
  7 ball pythons
  4 bats
  3 frilled lizards (D:2)
  A hobgoblin zombie (D:4)
  7 kobolds
  3 orc zombies (D:4)
  22 rats
1043 creatures vanquished.

Vanquished Creatures (others)
  A boulder beetle (Lair:5)
  A fire crab (Volcano)
  A lindwurm (Volcano)
  2 molten gargoyles (Volcano)
  2 rime drakes (Swamp:4)
  2 bloated husks
  A spriggan (Swamp:1)
  3 fire bats (Volcano)
  2 steam dragons (Volcano)
  A human (D:6)
  A centaur (D:8)
  An orc (Orc:2)
  4 briar patches (Swamp:4)
  29 foxfires
  57 fungi
  56 plants
164 creatures vanquished.

Grand Total: 1207 creatures vanquished

Notes
Turn   | Place    | Note
-------+----------+-------------------------------------------
     0 | D:1      | SnakkuSnakku7 the Human Transmuter began the quest for the
                  | Orb.
     0 | D:1      | Reached XP level 1. HP: 15/15 MP: 3/3
    19 | D:1      | Found a faded altar of an unknown god.
    39 | D:1      | Prayed at the altar of an unknown god.
    39 | D:1      | Became a worshipper of Lugonu the Unformed
    39 | D:1      | Reached * piety under Lugonu
    39 | D:1      | Reached ** piety under Lugonu
   375 | D:1      | Reached XP level 2. HP: 21/21 MP: 5/5
   932 | D:1      | Reached XP level 3. HP: 18/26 MP: 4/6
   938 | D:1      | Learned a level 3 spell: Spider Form
  1767 | D:2      | Noticed Jessica
  1776 | D:2      | Killed Jessica
  1777 | D:2      | Reached skill level 1 in Poison Magic
  1777 | D:2      | Reached XP level 4. HP: 11/32 MP: 7/7
  2161 | D:2      | Reached *** piety under Lugonu
  2846 | D:2      | Noticed Sigmund
  2929 | D:2      | Reached XP level 5. HP: 37/37 MP: 8/8
  3264 | D:3      | Found a snail-covered altar of Cheibriados.
  3673 | D:3      | Found Cinejuwu's Distillery.
  4001 | D:3      | Bought a potion of ambrosia for 96 gold pieces
  4001 | D:3      | Bought a potion of curing for 36 gold pieces
  4434 | D:3      | Reached skill level 5 in Unarmed Combat
  4985 | D:4      | Noticed Ijyb
  5010 | D:4      | Reached XP level 6. HP: 43/43 MP: 9/9
  5049 | D:4      | Learned a level 4 spell: Ice Form
  5297 | D:4      | Noticed Eustachio
  6101 | D:2      | Killed Sigmund
  6102 | D:2      | Reached XP level 7. HP: 41/48 MP: 10/10
  6146 | D:2      | Found a runed translucent door.
  6147 | D:2      | Noticed Crazy Yiuf
  6155 | D:2      | Killed Crazy Yiuf
  6496 | D:4      | Found a sparkling altar of Nemelex Xobeh.
  6700 | D:5      | Entered Level 5 of the Dungeon
  6962 | D:5      | Noticed a hornet
  7018 | D:5      | Reached skill level 1 in Invocations
  7018 | D:5      | Reached XP level 8. HP: 50/54 MP: 11/11
  7414 | D:5      | Reached **** piety under Lugonu
  8555 | D:4      | Killed Eustachio
  8556 | D:4      | Reached skill level 5 in Invocations
  8627 | D:4      | Noticed Natasha
  8632 | D:4      | Noticed Menkaure
  8634 | D:4      | Killed Natasha
  8655 | D:4      | Killed Menkaure
  8656 | D:4      | Reached XP level 9. HP: 48/59 MP: 13/13
  8824 | D:4      | Found a staircase to the Ecumenical Temple.
  9366 | D:6      | Found a white marble altar of Elyvilon.
  9699 | D:6      | Found an ancient bone altar of Kikubaaqudgha.
 10243 | D:7      | Reached skill level 5 in Fighting
 10243 | D:7      | Reached skill level 5 in Transmutations
 10471 | D:7      | Reached XP level 10. HP: 62/73 MP: 16/16
 11218 | D:8      | Found a shadowy altar of Dithmenos.
 11221 | D:8      | Reached ***** piety under Lugonu
 12036 | D:8      | Reached skill level 1 in Ice Magic
 12858 | D:9      | You fall into a shaft and drop 2 floors!
 12858 | D:11     | Found a staircase to the Orcish Mines.
 13323 | D:11     | Noticed a two-headed ogre
 13393 | D:10     | Entered Level 10 of the Dungeon
 13530 | D:9      | Reached skill level 10 in Unarmed Combat
 13530 | D:9      | Reached XP level 11. HP: 79/79 MP: 13/17
 13745 | D:9      | Found a staircase to the Lair.
 13806 | D:9      | Found a glowing golden altar of the Shining One.
 14437 | D:9      | Found a shimmering altar of Xom.
 14445 | D:9      | Found a stormy altar of Qazlal.
 14636 | D:10     | Found Limow's Weapon Shop.
 14793 | D:10     | Found an opulent altar of Gozag.
 15075 | D:10     | Noticed Maurice
 15132 | Lair:1   | Entered Level 1 of the Lair of Beasts
 15135 | Lair:1   | Noticed Gastronok
 15581 | D:3      | Bought a potion of attraction for 36 gold pieces
 15581 | D:3      | Bought a potion of lignification for 36 gold pieces
 15581 | D:3      | Bought a potion of mutation for 96 gold pieces
 15581 | D:3      | Bought a potion of attraction for 36 gold pieces
 15581 | D:3      | Bought a potion of attraction for 36 gold pieces
 15751 | Lair:1   | Killed Gastronok
 16172 | Lair:1   | Noticed a five-headed hydra
 16209 | Lair:1   | Killed a five-headed hydra
 16603 | Lair:1   | Noticed Nergalle
 16614 | Lair:1   | Killed Nergalle
 16732 | Lair:1   | Reached XP level 12. HP: 91/91 MP: 15/18
 16783 | Lair:1   | Noticed Joseph
 16795 | Lair:1   | Noticed Erica
 16796 | Lair:1   | Found a snail-covered altar of Cheibriados.
 17144 | Lair:1   | Killed Joseph
 17821 | Lair:1   | Killed Erica
 18169 | Lair:1   | Noticed Grum
 18469 | Lair:1   | Killed Grum
 18470 | Lair:1   | Reached skill level 10 in Fighting
 19522 | Lair:2   | Reached skill level 5 in Dodging
 20128 | Lair:2   | Noticed a five-headed hydra
 20145 | Lair:2   | Killed a five-headed hydra
 20423 | Lair:2   | Reached XP level 13. HP: 81/103 MP: 19/19
 20836 | Lair:2   | Identified a scroll of acquirement
 20836 | Lair:2   | Acquired the ring of Utowair {rElec AC+4}
 22361 | Lair:3   | Reached skill level 10 in Dodging
 22819 | Lair:4   | Found a dark tunnel.
 22829 | Volcano  | Entered a volcano
 22916 | Volcano  | Reached ****** piety under Lugonu
 23133 | Volcano  | Found a bloodstained altar of Trog.
 23145 | Volcano  | Corrupted Volcano
 23145 | Volcano  | Noticed a great orb of eyes
 23145 | Volcano  | Noticed a lich
 23145 | Volcano  | Noticed a tentacled starspawn
 23145 | Volcano  | Noticed a lich
 23152 | Volcano  | Noticed a starcursed mass
 23154 | Volcano  | Noticed a profane servitor
 23362 | Volcano  | Identified the +0 pair of gloves of Supple Strength {rF++
                  | Int+3 SInv}
 23440 | Lair:4   | Reached XP level 14. HP: 110/110 MP: 20/20
 23501 | Lair:4   | Reached skill level 1 in Armour
 23830 | Lair:4   | Found a staircase to the Snake Pit.
 24032 | Lair:4   | Found a staircase to the Swamp.
 24303 | Lair:4   | Reached skill level 5 in Armour
 24778 | Lair:5   | Found a staircase to the Slime Pits.
 26345 | Lair:5   | Reached XP level 15. HP: 106/115 MP: 21/21
 26741 | Lair:6   | Entered Level 6 of the Lair of Beasts
 27478 | Lair:6   | Found a snail-covered altar of Cheibriados.
 27664 | Lair:6   | Reached skill level 10 in Armour
 27817 | Lair:6   | Identified the +4 war axe "X" {spect, rPois Int-4 Dex+3
                  | SInv}
 29404 | D:10     | Killed Maurice
 29405 | D:10     | Reached skill level 5 in Spellcasting
 30347 | D:11     | Noticed Fannar
 30363 | D:11     | Killed Fannar
 31629 | D:12     | Identified the +9 hand crossbow of Neikar {flame, Int+3}
 32306 | Orc:1    | Entered Level 1 of the Orcish Mines
 32531 | Orc:1    | Found Kuptiput's Distillery.
 32772 | Orc:1    | Found a flagged portal.
 32782 | Bailey   | Entered a bailey
 33016 | Bailey   | Reached XP level 16. HP: 110/122 MP: 24/28
 33036 | Bailey   | Identified the +2 cloak "Oczag" {Rampage Will+ Str-3}
 33205 | Orc:2    | Entered Level 2 of the Orcish Mines
 33683 | Orc:2    | Found a frozen archway.
 33740 | IceCv    | Entered an ice cave
 34050 | IceCv    | Found the +14 obsidian axe {vorpal, Mesm Drain Fly SInv}
 34740 | IceCv    | Got the Tome of Snow
 36192 | Orc:2    | Found a staircase to the Elven Halls.
 36502 | Orc:2    | Found Kupioli's Antique Weapon Emporium.
 36502 | Orc:2    | Found Heuckapo's Antique Armour Shop.
 36504 | Orc:2    | Found Huhifath's Weapon Boutique.
 36506 | Orc:2    | Found Xamaila's Book Shoppe.
 36518 | Orc:2    | Bought a book of Unlife for 648 gold pieces
 36560 | Orc:2    | Learned a level 5 spell: Borgnjor's Vile Clutch
 36567 | Orc:2    | Learned a level 6 spell: Death Channel
 37297 | D:13     | Noticed Erolcha
 37311 | D:13     | Killed Erolcha
 38513 | D:14     | Noticed Nessos
 38513 | D:14     | Noticed Rupert
 38513 | D:14     | Found a gate to the Vaults.
 38778 | D:14     | Cast into level 2 of the Abyss (a wizard)
 38801 | D:14     | Escaped the Abyss
 38828 | D:14     | Reached skill level 15 in Unarmed Combat
 38847 | D:14     | Reached skill level 1 in Necromancy
 39000 | D:14     | Killed Nessos
 39504 | D:14     | Killed Rupert
 39505 | D:14     | Reached skill level 5 in Necromancy
 39594 | D:14     | Identified the +1 quarterstaff of the Beginning {vorpal,
                  | +Blink rElec}
 39785 | D:14     | Found a burning altar of Makhleb.
 40412 | D:15     | Entered Level 15 of the Dungeon
 40554 | D:15     | Reached XP level 17. HP: 128/128 MP: 24/29
 40705 | D:15     | Noticed Josephine
 40712 | D:15     | Killed Josephine
 40810 | D:15     | Found an iron altar of Okawaru.
 41080 | D:15     | Found a staircase to the Depths.
 41230 | D:15     | Noticed Agnes
 41245 | D:15     | Killed Agnes
 42560 | Orc:2    | Bought a book of Iron for 648 gold pieces
 42566 | Orc:2    | Learned a level 5 spell: Blade Hands
 42735 | Swamp:1  | Entered Level 1 of the Swamp
 42737 | Swamp:1  | Noticed Nikola
 42832 | Swamp:1  | Killed Nikola
 43313 | Swamp:1  | Reached skill level 10 in Necromancy
 44523 | Swamp:1  | Identified the +0 helmet of the Cartwright {rF+ SInv}
 46907 | Swamp:3  | Noticed a thorn hunter
 47579 | Swamp:3  | Killed a thorn hunter
 48105 | Swamp:3  | Reached XP level 18. HP: 139/139 MP: 24/30
 48525 | Swamp:4  | Entered Level 4 of the Swamp
 50163 | Swamp:4  | Noticed Donald
 51278 | Swamp:3  | Killed Donald
 51846 | Swamp:3  | Paralysed by a hornet for 3 turns
 52318 | Swamp:4  | Got a decaying rune of Zot
 52640 | Swamp:4  | Identified the +4 rapier of the Hierophant {flame, Str+2
                  | Int+3}
 52763 | Lair:4   | Upgraded the game from 0.28-a0-1199-gef9e1dbd39 to
                  | 0.28-a0-1206-g193881aaa2
 52952 | Vaults:1 | Entered Level 1 of the Vaults
 53330 | Vaults:1 | Found a portal to a secret trove of treasure.
 53564 | Vaults:1 | Reached skill level 15 in Fighting
 54775 | Vaults:1 | Reached XP level 19. HP: 106/155 MP: 24/31
 57247 | Vaults:1 | Reached skill level 15 in Transmutations
 57629 | Vaults:2 | Found a flickering gateway to a bazaar.
 57653 | Bazaar   | Entered a bazaar
 57653 | Bazaar   | Found Jinoadum's Book Boutique.
 57657 | Bazaar   | Bought a book of the Sky for 396 gold pieces
 57665 | Bazaar   | Learned a level 7 spell: Storm Form
 57668 | Bazaar   | Found Deonycioq's Antique Armour Emporium.
 57684 | Bazaar   | Found Hollof's Antique Weapon Boutique.
 57695 | Bazaar   | Found Noxatt's General Store.
 57703 | Bazaar   | Bought a potion of resistance for 90 gold pieces
 57703 | Bazaar   | Bought a scroll of fog for 18 gold pieces
 57703 | Bazaar   | Bought a potion of heal wounds for 45 gold pieces
 57703 | Bazaar   | Bought a scroll of fog for 18 gold pieces
 57703 | Bazaar   | Bought a scroll of fear for 31 gold pieces
 57703 | Bazaar   | Found Waplas's Distillery.
 57711 | Bazaar   | Bought 2 potions of curing for 54 gold pieces
 57711 | Bazaar   | Bought 2 potions of curing for 54 gold pieces
 57711 | Bazaar   | Bought a potion of might for 36 gold pieces
 57711 | Bazaar   | Bought a potion of curing for 27 gold pieces
 57711 | Bazaar   | Bought 2 potions of mutation for 144 gold pieces
 57711 | Bazaar   | Bought a potion of resistance for 90 gold pieces
 57748 | Vaults:2 | Reached skill level 1 in Air Magic
 58305 | Vaults:2 | Reached skill level 5 in Air Magic
 61349 | Vaults:2 | You fall into a shaft and drop 1 floor!
 61588 | Vaults:3 | Reached XP level 20. HP: 162/162 MP: 32/32
 61639 | Vaults:3 | Reached skill level 10 in Air Magic
 62827 | Vaults:2 | Slain by a dire elephant

Illustrated notes

Levels and vault maps discovered:
D:1:      mrwooster_arrival_statue_2, layout_basic,
          dreamdust_ecumenical_altar_grove, chequers_serial_rivers_large_a,
          kennysheep_boxes
D:2:      layout_basic, grunt_ministairs_15, minmay_misc_feat_cross,
          kennysheep_jessica_study, uniq_crazy_yiuf_cottage, uniq_sigmund
D:3:      layout_basic, slow_altar_1, serial_shops, nicolae_shop_waterfront
D:4:      layout_basic, mainiacjoe_overflow_small_starburst, temple_hall,
          minmay_mini_ossuary, uniq_menkaure, uniq_eustachio, uniq_natasha,
          uniq_ijyb
D:5:      lemuel_ratsnest, layout_rooms
D:6:      layout_basic, elyvilon_altar_5, tgw_kikubaaqudgha
D:7:      layout_loops_ring
D:8:      layout_basic, nicolae_dithmenos_shadow_blocks,
          kennysheep_opposing_triangles
D:9:      layout_roguey, kennysheep_mini_moat, amethyst_overflow_temple_binary,
          grunt_lair_entry_orc_guard_hut, minmay_strange_pillars
D:10:     layout_irregular_city, grunt_gozag_breadcrumbs, serial_shops, shop,
          billiards_dpeg, uniq_maurice
D:11:     layout_roguey, david_orc_3, uniq_fannar
D:12:     layout_loops_ring, small_statue_alley_a
D:13:     layout_basic, chequers_avenue, uniq_erolcha
D:14:     layout_rooms, david_vaults_3, bloody_makhleb
D:15:     grunt_enter_depths_hoard, layout_loops_corners, okawaru_gym_becter,
          hangedman_corner_corridor, uniq_josephine, uniq_agnes
Lair:1:   layout_regular_city, basic_altar, grunt_megastairs_5,
          serial_bayou_shore_a, lemuel_fruit_tree, uniq_erica, uniq_joseph,
          uniq_gastronok, uniq_nergalle, uniq_grum
Lair:2:   layout_regular_city, beast_lair_carwin_7, grunt_megastairs_1
Lair:3:   layout_cave_pods, grunt_megastairs_2
Lair:4:   layout_regular_city, swamp_mist, minmay_snake_entry_six_corridors,
          nicolae_volcano_entry_s_turn
Lair:5:   layout_misc_corridors, nicolae_slime_entry_slimehenge, st_stairs_8,
          kilobyte_rumbling_trees
Lair:6:   minmay_lair_end_enchanted_forest, layout_misc_corridors, basic_altar
Swamp:1:  layout_falls_marsh, evilmike_swamp_ruin_house_1, uniq_nikola
Swamp:2:  nicolae_swamp_decorative_isthmus, layout_basic_swamp,
          evilmike_swamp_ruin_house_3, swamp_pool3,
          nicolae_swamp_nymph_family_reunion, infiniplex_staircase_pool_2
Swamp:3:  layout_basic_swamp, evilmike_swamp_ruin_rubble_2,
          grunt_lady_of_the_lake
Swamp:4:  swamp_alternative, layout_basic_swamp, uniq_donald
Orc:1:    layout_caves, enter_bailey_1, serial_shops, nicolae_shop_statue_plus
Orc:2:    st_orc_rangers, layout_caves, portal_ice_cave_demonic_guard,
          mines3_lemuel
Vaults:1: v_misc_13, v_rooms_2, vaults_room_fours, nicolae_vaults_theta,
          nicolae_vaults_little_squares_4, dpeg_vaults_pockets_of_resistance,
          hangedman_vaults_slice, v_misc_4, layout_vaults_omnibox,
          nicolae_trove_entry_free_sample
Vaults:2: nicolae_vaults_hallways_thing, v_misc_32, v_alt_pattern_6,
          ontoclasm_vaults_ring_large, nicolae_vaults_alarming,
          nicolae_vaults_big_angled_halls, v_pattern_5, grunt_vaults_focal,
          nicolae_vaults_mini_display_case, grunt_vaults_diagonal, v_misc_10,
          serial_ice_h, st_more_cells, layout_vaults_omnicross,
          blue_anna_dwarven_crypt, serial_shops, bzr_entry_gold
Vaults:3: hangedman_vaults_locks, v_misc_31, st_hourglassy, vaults_room_hallway,
          vaults_room_corners, v_misc_9, hangedman_vaults_restitches,
          vaults_room_large_hall, v_misc_9, nicolae_vaults_circle_grid_b,
          ontoclasm_vaults_twist, v_misc_24, ontoclasm_vaults_fault,
          nicolae_vaults_circle_grid_a, layout_vaults_maze, serial_shops, shop,
          shop_coins, shop, uniq_bai_suzhen

Skill      XL: |  1  2  3  4  5  6  7  8  9 10 11 12 13 14 15 16 17 18 19 20 |
---------------+-------------------------------------------------------------+-----
Unarmed Combat | 4 5 6 7 8 10 12 15 | 15.0
Poison Magic   | 1 2 |  2.0
Transmutations | 3 4 5 8 11 12 13 15 | 15.0
Invocations    | 1 6 8 |  8.0
Fighting       | 5 7 10 11 15 | 15.0
Ice Magic      | 3 |  3.0
Shields        | 4 |  4.0
Dodging        | 7 10 | 10.0
Armour         | 8 10 | 10.0
Spellcasting   | 8 |  8.0
Necromancy     | 7 12 | 12.0
Air Magic      | 8 11 | 11.2

Action                   |  1- 3 |  4- 6 |  7- 9 | 10-12 | 13-15 | 16-18 | 19-21 || total
-------------------------+-------+-------+-------+-------+-------+-------+-------++-------
Melee: Unarmed           |    87 |   206 |   348 |   587 |  1118 |  1586 |   653 ||  4585
       Kick              |    10 |    19 |    57 |    56 |     9 |       |       ||   151
       Punch             |     1 |     4 |     9 |    14 |       |    36 |    31 ||    95
       Headbutt          |     1 |    12 |    36 |    41 |     8 |       |       ||    98
Throw: Throwing net      |       |       |       |     1 |       |       |       ||     1
 Cast: Beastly Appendage |    11 |    13 |    20 |    19 |     5 |       |       ||    68
       Spider Form       |       |     3 |     7 |     6 |     3 |     6 |       ||    25
       Ice Form          |       |       |       |    13 |    45 |    55 |     1 ||   114
       Blade Hands       |       |       |       |       |       |    48 |    34 ||    82
Invok: Corrupt           |       |       |       |       |     1 |       |       ||     1
       Depart the Abyss  |       |       |       |       |       |     1 |       ||     1
       Banish            |       |       |       |       |       |     2 |       ||     2
 Abil: End Transformatio |       |       |     2 |     1 |     2 |    10 |       ||    15
Evoke: Wand              |       |       |       |     7 |     3 |     5 |     3 ||    18
       Condenser vane    |       |       |       |       |     2 |     1 |     3 ||     6
  Use: Potion            |       |     1 |       |     3 |     1 |     8 |     6 ||    19
       Scroll            |       |       |     6 |     6 |    12 |    15 |     9 ||    48
 Stab: Sleeping          |       |     3 |       |       |     1 |       |       ||     4
       Distracted        |       |       |     1 |       |       |     2 |       ||     3
       Confused          |       |       |       |       |     2 |     1 |       ||     3
       Paralysed         |       |       |       |       |       |     2 |       ||     2
Armor: Robe              |    13 |    24 |    35 |       |       |       |       ||    72
       Skin              |       |       |     1 |    53 |   193 |   301 |       ||   548
       Leather armour    |       |       |    17 |    73 |    71 |       |       ||   161
       Ring mail         |       |       |       |       |   130 |   422 |   284 ||   836
Dodge: Dodged            |    48 |   124 |   213 |   414 |   825 |  1046 |   315 ||  2985
Block: Buckler           |       |       |       |    24 |   125 |   116 |    11 ||   276

Table legend: (Time is in decaauts)
 A = Elapsed time spent in this place.
 B = Non-inter-level travel time spent in this place.
 C = Inter-level travel time spent in this place.
 D = Time resting spent in this place.
 E = Time spent auto-exploring this place.
 F = Levels seen in this place.
 G = Mean time per level.
                   A        B        C        D        E       F      G
               +--------+--------+--------+--------+--------+-----+--------+
         Total |  62195 |  59763 |   2432 |  22447 |  25944 |  35 | 1777.0 |
       Dungeon |  25793 |  24139 |   1654 |   7632 |  12273 |  15 | 1719.5 |
          Lair |  12937 |  12510 |    427 |   4425 |   6064 |   6 | 2156.2 |
         Swamp |   9164 |   8999 |    165 |   4501 |   3153 |   4 | 2291.0 |
  Orcish Mines |   2882 |   2724 |    158 |    697 |   1175 |   2 | 1441.0 |
        Vaults |   9198 |   9172 |     26 |   4282 |   3278 |   3 | 3066.0 |
         Abyss |     22 |     22 |      0 |      0 |      0 |   1 |   22.0 |
        Bazaar |     64 |     64 |      0 |      0 |      0 |   1 |   64.0 |
        Bailey |    349 |    349 |      0 |      0 |      0 |   1 |  349.0 |
      Ice Cave |   1197 |   1197 |      0 |    666 |      0 |   1 | 1197.0 |
       Volcano |    584 |    584 |      0 |    242 |      0 |   1 |  584.0 |
               +--------+--------+--------+--------+--------+-----+--------+

Top non-repeatable levels by time:
 Swamp:3: 4904 daAuts
Vaults:1: 4474 daAuts
Vaults:2: 3918 daAuts
     D:9: 3278 daAuts
  Lair:4: 2821 daAuts
  Lair:5: 2478 daAuts
  Lair:2: 2286 daAuts
     D:2: 2099 daAuts
  Lair:1: 2071 daAuts
 Swamp:1: 1952 daAuts
    D:14: 1941 daAuts
     D:3: 1929 daAuts
    D:13: 1872 daAuts
    D:15: 1861 daAuts
     D:4: 1851 daAuts
